Description

A Gladept timing with Phoenix harass into a CIA push that transitions into Skytoss.

.

1 Gate Expand

Stalker, Warpgate, Council

Chrono Glaives @ 100%, x2 Adept, x2 Gate, Battery

x3 Adepts -> Harass

4:15 Nexus

x2 Stargate -> x8-10 Phoenix

Air Weapons, Robo -> Obs+Immortals, Charge

x3 Gates

7:15 Nexus

Forge -> Weapons, Fleet Beacon -> Carriers, Templar Archives -> Storm

9:15 Nexus

VOD

https://youtu.be/HqhdZc_LKfI?t=2427

Replay - ViBE Gladept timing into Phoenix into CIA into Skytoss

Build Order

Get SALT Encoding   

  14  0:20  Pylon  
  15  0:39  Gateway  
  16  0:46  Assimilator  
  20  1:27  Nexus  
  20  1:34  Cybernetics Core  
  21  1:45  Assimilator  
  22  1:52  Pylon  
  22  2:04  Stalker (Chrono Boost)  
  22  2:14  Warp Gate  
  26  2:23  Twilight Council  
  27  2:39  Adept  
  29  2:44  Resonating Glaives (Chrono Boost)  
  33  3:03  Gateway  
  35  3:12  Gateway  
  35  3:16  Adept  
  39  3:33  Shield Battery  
  41  3:37  Pylon  
  44  3:58  Pylon  
  45  4:04  Adept x3  
  53  4:20  Nexus  
  54  4:25  Stargate x2  
  55  4:32  Assimilator x2  
  55  4:37  Pylon  
  55  4:45  Sentry x2  
  62  4:56  Zealot  Keep producing
  67  5:16  Protoss Air Weapons Level 1 (Chrono Boost)  
  67  5:18  Charge  
  68  5:21  Robotics Facility  
  68  5:26  Phoenix  Produce 8-10
  88  6:09  Immortal  Constant production until max
  104  6:28  Gateway x2  
  107  6:36  Gateway  
  104  6:58  Assimilator x2  
  111  7:18  Nexus  
  119  7:46  Forge  
  119  7:49  Fleet Beacon  
  119  7:50  Templar Archives  
  124  8:05  Protoss Ground Weapons Level 1  
  140  8:34  Psionic Storm  
  144  8:36  Protoss Air Weapons Level 2  
  155  9:09  High Templar  3-4 Archons, 6-8 HT
  167  9:11  Nexus  
Spawning Tool Build Advisor. Get it on Overwolf

Analysis

Start harassing when at 4 Phoenix. Target queens and overlords. If you're worried about an early counterattack, make a couple of Voids first.

Max out on CIA + Phoenix once and attack, then gradually transition army into Carriers. Be conservative with your army and storms.

Add about 10 more Warpgates and 3 more Stargates.

In the late game, continuously use empty supply for Chargelot runbys at enemy expansions. Also set up 2 cannons and a battery at every base to prevent similar crackling runbys. Add a Dark Shrine at some point and use DTs to harass as well.

Commit to a final move-out when maxed out on Mothership/Carrier/Archon/HT. Your air and ground weapons will usually be finished at this stage.

Go to:

Details

  • Created by: Maxgy   
  • Published on: Jul 26, 2020
  • Modified on: Jan 13, 2021
  • Patch: 4.11.0
  • Difficulty: Hard
Show
View Real Time Build Order
Export as new Build Order

Comments (1)

On Aug. 29, 2020, 7 p.m., Maxgy  said:

A more Phoenix centered build: https://lotv.spawningtool.com/build/126982/

Create an account to comment!